| TOP OF THE 1ST |
|
Detroit Red Wings batting - Pitching for Niagara Falls Phantoms : LHP Joel Pacheco
|
|
Pitching: LHP Joel Pacheco
|
|
|
Batting: RHB Carlos Armenteros
|
0-0: Called Strike 0-1: Foul Ball, location: 2F 0-2: Strikes out looking
|
|
Batting: RHB Tony Soto
|
0-0: Called Strike 0-1: Swinging Strike 0-2: Strikes out swinging
|
|
Batting: SHB Ross Holland
|
0-0: Swinging Strike 0-1: Foul Ball, location: 2F 0-2: Foul Ball, location: 2F 0-2: Ball 1-2: Strikes out looking
|
| Top of the 1st over - 0 runs, 0 hits, 0 errors, 0 left on base; Detroit 0 - Niagara Falls 0 |
| BOTTOM OF THE 1ST |
|
Niagara Falls Phantoms batting - Pitching for Detroit Red Wings : LHP Satoru Mori
|
|
Pitching: LHP Satoru Mori
|
|
|
Batting: SHB Edwin Dominguez
|
0-0: Ball 1-0: SINGLE (Flyball, 4MD, EV 83.1 MPH)
|
|
Batting: RHB John Sprenkel
|
0-0: Ball 1-0: Foul Ball, location: 2F 1-1: SINGLE (Groundball, 6MD, EV 106.2 MPH) Edwin Dominguez to second Runner from 2nd tries for 3rd, SAFE, throw by CF made to third
|
|
Batting: RHB Devon Utley
|
0-0: Ball 1-0: Ball John Sprenkel steals 2nd base 2-0: Ball 3-0: Foul Ball, location: 2F 3-1: SINGLE (Groundball, 6MD, EV 106.2 MPH) Edwin Dominguez scores John Sprenkel to third
|
|
Batting: SHB Mukhtar Wa'il
|
0-0: Ball 1-0: Foul Ball, location: 2F 1-1: Ball 2-1: Fly out, F3 (Popup, 34S, EV 76.2 MPH)
|
|
Batting: RHB Nazeeh Zubair
|
0-0: Ball 1-0: Ball 2-0: Ball 3-0: Called Strike 3-1: Called Strike 3-2: Fly out, F4 (Popup, 4, EV 75.6 MPH)
|
|
Batting: LHB Aaron Joyner
|
0-0: Called Strike 0-1: Foul Ball, location: 2F 0-2: Ball Devon Utley steals 2nd base (no throw) 1-2: Fly out, F8 (Flyball, 78XD, EV 92.5 MPH)
|
| Bottom of the 1st over - 1 run, 3 hits, 0 errors, 2 left on base; Detroit 0 - Niagara Falls 1 |
| TOP OF THE 2ND |
|
Detroit Red Wings batting - Pitching for Niagara Falls Phantoms : LHP Joel Pacheco
|
|
Batting: RHB Tony Murray
|
0-0: Ball 1-0: Ball 2-0: Foul Ball, location: 2F 2-1: Foul Ball, location: 2F 2-2: SINGLE (Groundball, 56D, EV 109.4 MPH)
|
|
Batting: RHB Tony Nunez
|
0-0: Ball 1-0: Ball 2-0: Called Strike 2-1: Grounds into double play, 4-6-3 (Groundball, 4, EV 90.0 MPH)
|
|
Batting: LHB Jon Frederick
|
0-0: Swinging Strike 0-1: Foul Ball, location: 2F 0-2: Ball 1-2: Ball 2-2: Strikes out looking
|
| Top of the 2nd over - 0 runs, 1 hit, 0 errors, 0 left on base; Detroit 0 - Niagara Falls 1 |
| BOTTOM OF THE 2ND |
|
Niagara Falls Phantoms batting - Pitching for Detroit Red Wings : LHP Satoru Mori
|
|
Batting: RHB Christian Shearer
|
0-0: Ball 1-0: Foul Ball, location: 2F 1-1: Fly out, F8 (Flyball, 8LM, EV 93.1 MPH)
|
|
Batting: RHB Ben Kidder
|
0-0: Foul Ball, location: 2F 0-1: Ball 1-1: Swinging Strike 1-2: Ball 2-2: Ball 3-2: Strikes out swinging
|
|
Batting: LHB Jose Lebron
|
0-0: SINGLE (Line Drive, 7LS, EV 100.0 MPH)
|
|
Batting: SHB Edwin Dominguez
|
0-0: 2-RUN HOME RUN (Flyball, 7LD, EV 92.5 MPH), Distance : 351 ft
|
|
Batting: RHB John Sprenkel
|
0-0: Called Strike 0-1: Ball 1-1: Fly out, F7 (Flyball, 78D, EV 80.6 MPH)
|
| Bottom of the 2nd over - 2 runs, 2 hits, 0 errors, 0 left on base; Detroit 0 - Niagara Falls 3 |
| TOP OF THE 3RD |
|
Detroit Red Wings batting - Pitching for Niagara Falls Phantoms : LHP Joel Pacheco
|
|
Batting: RHB Jeremiah Washington
|
0-0: Ball 1-0: Swinging Strike 1-1: Ball 2-1: Called Strike 2-2: Foul Ball, location: 2F 2-2: Strikes out looking
|
|
Batting: LHB Glen Boyle
|
0-0: Called Strike 0-1: Called Strike 0-2: Ball 1-2: Strikes out swinging
|
|
Batting: LHB Steve Herrera
|
0-0: Ball 1-0: Ball 2-0: Called Strike 2-1: Foul Ball, location: 2F 2-2: Ball 3-2: Strikes out swinging
|
| Top of the 3rd over - 0 runs, 0 hits, 0 errors, 0 left on base; Detroit 0 - Niagara Falls 3 |
| BOTTOM OF THE 3RD |
|
Niagara Falls Phantoms batting - Pitching for Detroit Red Wings : LHP Satoru Mori
|
|
Batting: RHB Devon Utley
|
0-0: Called Strike 0-1: Ball 1-1: Ball 2-1: DOUBLE (Flyball, 78XD, EV 95.6 MPH)
|
|
Batting: SHB Mukhtar Wa'il
|
0-0: Called Strike 0-1: Foul Ball, location: 2F 0-2: Ball 1-2: Ball 2-2: Ball 3-2: Base on Balls
|
|
Batting: RHB Nazeeh Zubair
|
0-0: Ball 1-0: Ball 2-0: Foul Ball, location: 2F 2-1: Ball 3-1: Base on Balls Devon Utley to third Mukhtar Wa'il to second
|
|
Batting: LHB Aaron Joyner
|
0-0: Foul Ball, location: 2F 0-1: Ball 1-1: Ball Wild Pitch! Devon Utley scores Mukhtar Wa'il to third Nazeeh Zubair to second 2-1: Ball 3-1: Foul Ball, location: 2F 3-2: Ground out 4-3 (Groundball, 4, EV 86.2 MPH) Mukhtar Wa'il scores Nazeeh Zubair to third
|
|
Batting: RHB Christian Shearer
|
0-0: Foul Ball, location: 2F 0-1: Swinging Strike 0-2: Ball 1-2: Ground out 5-3 (Groundball, 15, EV 84.4 MPH) Nazeeh Zubair scores
|
|
Batting: RHB Ben Kidder
|
0-0: Foul Ball, location: 2F 0-1: Swinging Strike 0-2: Ball 1-2: Ball 2-2: Strikes out swinging
|
| Bottom of the 3rd over - 3 runs, 1 hit, 0 errors, 0 left on base; Detroit 0 - Niagara Falls 6 |
| TOP OF THE 4TH |
|
Detroit Red Wings batting - Pitching for Niagara Falls Phantoms : LHP Joel Pacheco
|
|
Batting: RHB Carlos Armenteros
|
0-0: Called Strike 0-1: Ball 1-1: Swinging Strike 1-2: Ball 2-2: Foul Ball, location: 2F 2-2: Foul Ball, location: 2F 2-2: Ball 3-2: SINGLE (Groundball, 6MS, EV 71.2 MPH) (infield hit)
|
|
Batting: RHB Tony Soto
|
0-0: Called Strike 0-1: Foul Ball, location: 2F 0-2: Strikes out swinging
|
|
Batting: SHB Ross Holland
|
0-0: Called Strike 0-1: Swinging Strike 0-2: SINGLE (Flyball, 8RS, EV 87.5 MPH) Carlos Armenteros to second Runner from 2nd tries for 3rd, SAFE, no throw by CF
|
|
Batting: RHB Tony Murray
|
0-0: Called Strike 0-1: Ball 1-1: Ball 2-1: Foul Ball, location: 2F 2-2: SINGLE (Flyball, 3D, EV 91.2 MPH) Carlos Armenteros scores Ross Holland to second
|
|
Batting: RHB Tony Nunez
|
0-0: Foul Ball, location: 2F 0-1: Ball 1-1: Swinging Strike 1-2: Foul Ball, location: 2F 1-2: Strikes out swinging
|
|
Batting: LHB Jon Frederick
|
0-0: Ball 1-0: Swinging Strike 1-1: Swinging Strike 1-2: Strikes out swinging
|
| Top of the 4th over - 1 run, 3 hits, 0 errors, 2 left on base; Detroit 1 - Niagara Falls 6 |
| BOTTOM OF THE 4TH |
|
Niagara Falls Phantoms batting - Pitching for Detroit Red Wings : LHP Satoru Mori
|
|
Batting: LHB Jose Lebron
|
0-0: Ball 1-0: Ball 2-0: Called Strike 2-1: Foul Ball, location: 2F 2-2: Fly out, F3 (Line Drive, 3, EV 66.9 MPH)
|
|
Batting: SHB Edwin Dominguez
|
0-0: Ground out 1-3 (Groundball, 15S, EV 67.5 MPH)
|
|
Batting: RHB John Sprenkel
|
0-0: Called Strike 0-1: Ball 1-1: Ball 2-1: Foul Ball, location: 2F 2-2: Ball 3-2: Foul Ball, location: 2F 3-2: Foul Ball, location: 2F 3-2: Fly out, F8 (Flyball, 8LXD, EV 101.2 MPH)
|
| Bottom of the 4th over - 0 runs, 0 hits, 0 errors, 0 left on base; Detroit 1 - Niagara Falls 6 |
| TOP OF THE 5TH |
|
Detroit Red Wings batting - Pitching for Niagara Falls Phantoms : LHP Joel Pacheco
|
|
Batting: RHB Jeremiah Washington
|
0-0: Called Strike 0-1: Foul Ball, location: 2F 0-2: Ball 1-2: Strikes out swinging
|
|
Batting: LHB Glen Boyle
|
0-0: Called Strike 0-1: Swinging Strike 0-2: Ball 1-2: Ball 2-2: Foul Ball, location: 2F 2-2: Strikes out swinging
|
|
Batting: LHB Steve Herrera
|
0-0: Swinging Strike 0-1: Ball 1-1: Fly out, F8 (Flyball, 8RM, EV 76.2 MPH)
|
| Top of the 5th over - 0 runs, 0 hits, 0 errors, 0 left on base; Detroit 1 - Niagara Falls 6 |
| BOTTOM OF THE 5TH |
|
Niagara Falls Phantoms batting - Pitching for Detroit Red Wings : LHP Satoru Mori
|
|
Batting: RHB Devon Utley
|
0-0: Ball 1-0: Ball 2-0: Called Strike 2-1: Ground out 6-3 (Groundball, 56, EV 107.5 MPH)
|
|
Batting: SHB Mukhtar Wa'il
|
0-0: Swinging Strike 0-1: SINGLE (Groundball, 5D, EV 97.5 MPH)
|
|
Batting: RHB Nazeeh Zubair
|
0-0: Foul Ball, location: 2F 0-1: SINGLE (Line Drive, 6D, EV 97.5 MPH) Mukhtar Wa'il to second
|
|
Batting: LHB Aaron Joyner
|
0-0: Ball 1-0: Foul Ball, location: 2F 1-1: Foul Ball, location: 2F 1-2: Fly out, F5 (Flyball, 5D, EV 80.6 MPH)
|
|
Batting: RHB Christian Shearer
|
0-0: Called Strike 0-1: SINGLE (Groundball, 56, EV 82.5 MPH) (infield hit) Mukhtar Wa'il to third Nazeeh Zubair to second
|
|
Batting: RHB Ben Kidder
|
0-0: Ball 1-0: SINGLE (Line Drive, 8RS, EV 96.9 MPH) Mukhtar Wa'il scores Nazeeh Zubair to third Christian Shearer to second Runner from 3rd tries for Home, SAFE, throw by CF to home
|
|
Pitching: LHP George Moran
|
|
|
Batting: LHB Jose Lebron
|
0-0: Called Strike 0-1: Ball 1-1: Foul Ball, location: 2F 1-2: Strikes out swinging
|
| Bottom of the 5th over - 2 runs, 4 hits, 0 errors, 2 left on base; Detroit 1 - Niagara Falls 8 |
| TOP OF THE 6TH |
|
Detroit Red Wings batting - Pitching for Niagara Falls Phantoms : LHP Joel Pacheco
|
|
Batting: RHB Carlos Armenteros
|
0-0: Ball 1-0: Foul Ball, location: 2F 1-1: Called Strike 1-2: Ball 2-2: Strikes out swinging
|
|
Batting: RHB Tony Soto
|
0-0: Ball 1-0: Called Strike 1-1: Ball 2-1: Ball 3-1: Called Strike 3-2: Strikes out looking
|
|
Batting: SHB Ross Holland
|
0-0: Ball 1-0: Fly out, F8 (Flyball, 8LXD, EV 83.8 MPH)
|
| Top of the 6th over - 0 runs, 0 hits, 0 errors, 0 left on base; Detroit 1 - Niagara Falls 8 |
| BOTTOM OF THE 6TH |
|
Niagara Falls Phantoms batting - Pitching for Detroit Red Wings : LHP George Moran
|
|
Batting: SHB Edwin Dominguez
|
0-0: Fly out, F9 (Flyball, 9D, EV 104.4 MPH)
|
|
Batting: RHB John Sprenkel
|
0-0: Ball 1-0: Ball 2-0: DOUBLE (Line Drive, 9LD, EV 106.2 MPH)
|
|
Batting: RHB Devon Utley
|
0-0: Ball 1-0: Ball 2-0: Foul Ball, location: 2F 2-1: Foul Ball, location: 2F 2-2: Ball 3-2: Strikes out swinging
|
|
Batting: SHB Mukhtar Wa'il
|
0-0: Called Strike 0-1: Ball 1-1: Foul Ball, location: 2F 1-2: Strikes out looking
|
| Bottom of the 6th over - 0 runs, 1 hit, 0 errors, 1 left on base; Detroit 1 - Niagara Falls 8 |
| TOP OF THE 7TH |
|
Detroit Red Wings batting - Pitching for Niagara Falls Phantoms : LHP Joel Pacheco
|
|
Pitching: LHP Matt Cusatis
|
|
|
Batting: RHB Tony Murray
|
0-0: Called Strike 0-1: Ball 1-1: Swinging Strike 1-2: Ball 2-2: Ball 3-2: Foul Ball, location: 2F 3-2: Base on Balls
|
|
Batting: RHB Tony Nunez
|
0-0: Swinging Strike 0-1: Grounds into double play, 5-4-3 (Groundball, 5L, EV 88.1 MPH)
|
|
Pinch Hitting: RHB Juan Perez
|
0-0: Foul Ball, location: 2F 0-1: Ball 1-1: Foul Ball, location: 2F 1-2: Ball 2-2: Foul Ball, location: 2F 2-2: Foul Ball, location: 2F 2-2: Ball 3-2: Ground out 5-3 (Groundball, 56, EV 101.2 MPH)
|
| Top of the 7th over - 0 runs, 0 hits, 0 errors, 0 left on base; Detroit 1 - Niagara Falls 8 |
| BOTTOM OF THE 7TH |
|
Niagara Falls Phantoms batting - Pitching for Detroit Red Wings : LHP George Moran
|
|
Now in LF: Khalil Coleman
|
|
|
Batting: RHB Nazeeh Zubair
|
0-0: Ball 1-0: Ball 2-0: Ball 3-0: Base on Balls
|
|
Pinch Hitting: SHB David Stewart
|
0-0: Ball 1-0: Foul Ball, location: 2F 1-1: Swinging Strike 1-2: Reached on error, E5 (Groundball, 56S, EV 85.6 MPH) Nazeeh Zubair to second
|
|
Batting: RHB Christian Shearer
|
0-0: Ball 1-0: Foul Ball, location: 2F 1-1: Called Strike 1-2: Foul Ball, location: 2F 1-2: Strikes out looking
|
|
Pinch Hitting: RHB Alfredo Rodriguez
|
0-0: Ball 1-0: Called Strike 1-1: Ball 2-1: Ball 3-1: Base on Balls Nazeeh Zubair to third David Stewart to second
|
|
Pinch Hitting: RHB Ben Jennings
|
0-0: Ball 1-0: Called Strike 1-1: Swinging Strike 1-2: Strikes out looking
|
|
Batting: SHB Edwin Dominguez
|
0-0: Ball 1-0: SINGLE (Groundball, 56D, EV 95.0 MPH) Nazeeh Zubair scores David Stewart to third Alfredo Rodriguez to second Runner from 3rd tries for Home, SAFE, throw by LF to home
|
|
Batting: RHB John Sprenkel
|
0-0: Ball 1-0: Ball 2-0: Ball 3-0: Called Strike 3-1: Fly out, F9 (Flyball, 9S, EV 94.4 MPH)
|
| Bottom of the 7th over - 2 runs, 1 hit, 1 error, 2 left on base; Detroit 1 - Niagara Falls 10 |
| TOP OF THE 8TH |
|
Detroit Red Wings batting - Pitching for Niagara Falls Phantoms : LHP Matt Cusatis
|
|
Now at 2B: David Stewart
|
|
|
Now in CF: Tim Osborn
|
|
|
Now in RF: Dale Altman
|
|
|
Batting: RHB Jeremiah Washington
|
0-0: Called Strike 0-1: Foul Ball, location: 2F 0-2: Strikes out swinging
|
|
Batting: LHB Glen Boyle
|
0-0: Swinging Strike 0-1: Called Strike 0-2: Ball 1-2: Strikes out swinging
|
|
Batting: LHB Steve Herrera
|
0-0: Ball 1-0: Ball 2-0: Called Strike 2-1: Ball 3-1: Base on Balls
|
|
Batting: RHB Carlos Armenteros
|
0-0: Foul Ball, location: 2F 0-1: Fly out, F9 (Flyball, 9S, EV 94.4 MPH)
|
| Top of the 8th over - 0 runs, 0 hits, 0 errors, 1 left on base; Detroit 1 - Niagara Falls 10 |
| BOTTOM OF THE 8TH |
|
Niagara Falls Phantoms batting - Pitching for Detroit Red Wings : LHP George Moran
|
|
Batting: RHB Devon Utley
|
0-0: Ball 1-0: Ball 2-0: Ball 3-0: Base on Balls
|
|
Batting: SHB Mukhtar Wa'il
|
0-0: Ball 1-0: Called Strike 1-1: SINGLE (Groundball, 6MD, EV 102.5 MPH) Devon Utley to second
|
|
Batting: RHB Nazeeh Zubair
|
0-0: Called Strike 0-1: Ball 1-1: Ball 2-1: Foul Ball, location: 2F 2-2: Ball 3-2: Base on Balls Devon Utley to third Mukhtar Wa'il to second
|
|
Batting: SHB David Stewart
|
0-0: Ball 1-0: Foul Ball, location: 2F 1-1: Called Strike 1-2: Foul Ball, location: 2F 1-2: Ball 2-2: Foul Ball, location: 2F 2-2: Ball 3-2: Strikes out looking
|
|
Pitching: RHP Adam Fisher
|
|
|
Batting: RHB Christian Shearer
|
0-0: Called Strike 0-1: Grounds into double play, 6-4-3 (Groundball, 6, EV 99.4 MPH)
|
| Bottom of the 8th over - 0 runs, 1 hit, 0 errors, 2 left on base; Detroit 1 - Niagara Falls 10 |
| TOP OF THE 9TH |
|
Detroit Red Wings batting - Pitching for Niagara Falls Phantoms : LHP Matt Cusatis
|
|
Batting: RHB Tony Soto
|
0-0: Ground out 5-3 (Groundball, 56S, EV 64.4 MPH)
|
|
Batting: SHB Ross Holland
|
0-0: Called Strike 0-1: Ball 1-1: Ball 2-1: Swinging Strike 2-2: Foul Ball, location: 2F 2-2: Strikes out swinging
|
|
Pinch Hitting: LHB Jamie Christian
|
0-0: SINGLE (Line Drive, 34D, EV 108.1 MPH)
|
|
Batting: RHB Tony Nunez
|
0-0: Ball 1-0: Ball 2-0: Ball 3-0: Called Strike 3-1: Foul Ball, location: 2F 3-2: Base on Balls Jamie Christian to second
|
|
Batting: RHB Khalil Coleman
|
0-0: Called Strike 0-1: Ball 1-1: Swinging Strike 1-2: Ball 2-2: Reached on error, E4 (Groundball, 4, EV 88.1 MPH) Jamie Christian to third Tony Nunez to second
|
|
Batting: RHB Jeremiah Washington
|
0-0: Called Strike 0-1: Fly out, F9 (Flyball, 9S, EV 90.0 MPH)
|
| Top of the 9th over - 0 runs, 1 hit, 1 error, 3 left on base; Detroit 1 - Niagara Falls 10 |
|